 Dungeon Crawl Stone Soup version 0.28-a0-537-g3bccd9ccbf (webtiles) character file.

Game seed: 6698510573822983392

60 Tocho the Poker (level 4, 0/40 HPs)
             Began as a Naga Gladiator on Sept 27, 2021.
             Was an Initiate of Vehumet.
             Slain by an adder (2 damage)
             ... on level 3 of the Dungeon.
             The game lasted 00:06:14 (1900 turns).

Tocho the Poker (Naga Gladiator)                    Turns: 1900, Time: 00:06:15

Health: 0/40       AC:  3    Str: 14 (16) XL:     4   Next: 4%
Magic:  4/4        EV:  9    Int:  8 (9)  God:    Vehumet [......]
Gold:   30         SH:  0    Dex: 10 (13) Spells: 3/3 levels left

rFire   . . .      SeeInvis +   a - +0 trident
rCold   . . .      Faith    .   (no shield)
rNeg    . . .      Spirit   .   b - +0 leather armour
rPois   +          Reflect  .   c - +0 helmet
rElec   .          Harm     .   (no cloak)
rCorr   .          Rampage  .   (no gloves)
Will    .....                   (no barding)
Stlth   +.........              (no amulet)
HPRegen 0.13/turn               (no ring)
MPRegen 0.09/turn               (no ring)

@: very slow
A: AC +1, large, see invisible, deformed body, poison resistance, slowness 2,
spit poison 1, naga tail 1
a: Spit Poison, Renounce Religion


You were on level 3 of the Dungeon.
You worshipped Vehumet.
Vehumet was noncommittal.
You visited 1 branch of the dungeon, and saw 3 of its levels.

You collected 58 gold pieces.
You spent 28 gold pieces at shops.

Inventory:

Hand Weapons
 a - a +0 trident (weapon)
Missiles
 d - 3 throwing nets (quivered)
 e - 6 datura-tipped darts
Armour
 b - a +0 leather armour (worn)
 c - a +0 helmet (worn)
Scrolls
 f - 2 scrolls of magic mapping


   Skills:
 * Level 2.4 Fighting
 * Level 3.8 Polearms
 + Level 2.0 Throwing
 + Level 0.2 Armour
 * Level 2.8 Dodging
 + Level 0.8 Stealth
 * Level 0.2 Spellcasting


You had 3 spell levels left.
You didn't know any spells.
Your spell library contained the following spells:

 Spells                   Type           Power      Damage    Failure   Level
 Ignite Poison            Fire/Tmut/Pois 0%         N/A       86%         3
 Mephitic Cloud           Conj/Pois/Air  0%         N/A       86%         3
 Fulminant Prism          Conj/Hex       0%         3d6       99%         4
 Iskenderun's Mystic Bla  Conj/Tloc      0%         2d3       99%         4
 Freezing Cloud           Conj/Ice/Air   0%         6-21      100%        5
 Lee's Rapid Deconstruct  Erth           0%         3d5*      100%        5


Dungeon Overview and Level Annotations

Branches:
Dungeon (3/15)

Altars:
Vehumet

Shops:
D:1 [   D:2 [=?:(

Portals:
Sewer: D:3


Innate Abilities, Weirdness & Mutations

Your serpentine skin is tough. (AC +1)
You have supernaturally acute eyesight. (SInv)
Armour fits poorly on your strangely shaped body.
Your system is resistant to poisons. (rPois)
You cover ground very slowly.
You can spit poison.
You have a snake-like lower body.


Message History

You feel clever.
You barely miss the adder.
You have got your breath back.
The adder barely misses you.
You closely miss the adder. The adder barely misses you. The adder bites you.
You are poisoned.
The adder poisons you!
Press: ? - help, Shift-Dir - straight line, f - adder
Aim: an adder The splash of poison misses the adder.
You feel sick. The adder bites you.
You hit the adder.
The adder is moderately wounded.
You feel sick. The adder barely misses you. The adder bites you.
* * * LOW HITPOINT WARNING * * *
Unknown command.
You barely miss the adder.
The adder is moderately wounded.
You feel sick. The adder closely misses you.
You miss the adder.
The adder is moderately wounded.
You feel sick. The adder bites you.
* * * LOW HITPOINT WARNING * * *
The adder misses you.
You miss the adder.
The adder is moderately wounded.
You have got your breath back.
You feel sick.
You are no longer poisoned.
The adder bites you.
* * * LOW HITPOINT WARNING * * *
You hit the adder.
The adder is severely wounded.
The adder bites you.
* * * LOW HITPOINT WARNING * * *
As you read the scroll labelled FUPSER IXUUNE, it crumbles to dust.
You hear a loud clanging noise!
It was a scroll of noise.
You hear a shout!
The adder bites you but does no damage. The adder bites you.
You die...

#......!....#
#..#####.....#
##..#≈≈≈#....!#
...#≈≈≈#.....#
#.#≈∩≈#.#...#
#.#≈≈≈#.....#
#.#≈≈≈#....#
#.##'##.#..#
#....S@.#..############
###.#####.)......#....#
....)....######.#.##.#
..
#########^#....#.#.<#.#
#.#
#.....#.#.##.#.#..#.#
..
#.###.#.#.##.#.#..#.#
#.
#.#<#.#.#.##.#.####.#
###.###.#.#.#.#.##.#.#
#.#
.....#.#...#.#.##.#.#
#.#


You could see an adder.

Vanquished Creatures
  2 adders (D:3)
  An orc (D:2)
  2 endoplasms (D:1)
  7 giant cockroaches
  2 goblins (D:1)
  2 hobgoblins
  3 kobolds
  3 quokkas
  7 ball pythons
  3 bats
  A frilled lizard (D:2)
  4 rats
37 creatures vanquished.

Notes
Turn   | Place    | Note
-------+----------+-------------------------------------------
     0 | D:1      | Tocho the Naga Gladiator began the quest for the Orb.
     0 | D:1      | Reached XP level 1. HP: 19/19 MP: 1/1
   264 | D:1      | Found Fajyenil's Armour Boutique.
   312 | D:1      | Reached XP level 2. HP: 26/26 MP: 2/2
   453 | D:1      | Found a faded altar of an unknown god.
   686 | D:2      | Found a radiant altar of Vehumet.
   764 | D:2      | Reached XP level 3. HP: 27/32 MP: 3/3
   768 | D:2      | Found Habaskao's Antique Weapon Shoppe.
   822 | D:2      | Became a worshipper of Vehumet
   887 | D:2      | Found Timm's Book Shop.
   977 | D:2      | Found Vaulewk's Magic Scroll Shoppe.
   989 | D:2      | Found Halos's Jewellery Shoppe.
   995 | D:2      | Bought a scroll of identify for 28 gold pieces
  1321 | D:2      | Found Locuwap's Armour Emporium.
  1845 | D:3      | Found a glowing drain.
  1892 | D:3      | Reached XP level 4. HP: 23/40 MP: 4/4
  1899 | D:3      | HP: 2/40 [adder (2)]
  1900 | D:3      | Slain by an adder

Illustrated notes

Levels and vault maps discovered:
D:1:      lightli_arrival_boilingwater, layout_basic, serial_shops,
          nicolae_shop_crystal, serial_glass, glass_columns_a, glass_columns_b,
          glass_columns_a, glass_columns_a, shapermc_ecumenical_altar_acropolis,
          minivault_25
D:2:      layout_basic, basic_altar, serial_shops, shop, shop_fountains,
          shop_fountains, nicolae_lakefront_shop, shop
D:3:      layout_basic, gup_sewer_entry_glass, serial_undead, serial_undead_a,
          serial_undead_d, serial_undead_a, serial_undead_e,
          grunt_decor_mini_mirrors

Skill      XL: |  1 |
---------------+----+-----
Throwing       | 2 |  2.0
Fighting       | |  2.4
Polearms       | |  3.8
Armour         | |  0.2
Dodging        | |  2.8
Stealth        | |  0.8
Spellcasting   | |  0.2

Action                   |  1- 3 |  4- 6 || total
-------------------------+-------+-------++-------
Melee: Trident           |   115 |     7 ||   122
 Abil: Spit Poison       |     4 |     1 ||     5
  Use: Potion            |     3 |       ||     3
       Scroll            |     2 |     1 ||     3
 Stab: Sleeping          |     1 |       ||     1
Armor: Leather armour    |    35 |     1 ||    36
Dodge: Dodged            |    70 |     5 ||    75

Table legend: (Time is in decaauts)
 A = Elapsed time spent in this place.
 B = Non-inter-level travel time spent in this place.
 C = Inter-level travel time spent in this place.
 D = Time resting spent in this place.
 E = Time spent auto-exploring this place.
 F = Levels seen in this place.
 G = Mean time per level.
                   A        B        C        D        E       F      G
               +--------+--------+--------+--------+--------+-----+--------+
         Total |   2435 |   2309 |    126 |    149 |   1799 |   3 |  811.7 |
       Dungeon |   2435 |   2309 |    126 |    149 |   1799 |   3 |  811.7 |
               +--------+--------+--------+--------+--------+-----+--------+

Top non-repeatable levels by time:
     D:2: 1237 daAuts
     D:1: 783 daAuts
     D:3: 414 daAuts
